 Dungeon Crawl Stone Soup version 0.30.1-4-g462c640d31 (webtiles) character file.

Game seed: 3857126199560489995

148 GimliDwarf the Carver (level 5, -4/37 HPs)
             Began as a Gnoll Wanderer on Aug 11, 2023.
             Slain by an orc
             ... wielding a +0 flail
              (6 damage)
             ... on level 3 of the Dungeon.
             The game lasted 00:06:54 (1942 turns).

GimliDwarf the Carver (Gnoll Wanderer)              Turns: 1942, Time: 00:06:54

Health: -4/37      AC:  6    Str:  9    XL:     5   Next: 30%
Magic:  6/9        EV: 17    Int: 13    God:
Gold:   109        SH:  0    Dex: 14    Spells: 9/10 levels left

rFire   . . .        a - +2 falchion
rCold   . . .        (no shield)
rNeg    . . .        e - +0 robe
rPois   .            (no helmet)
rElec   .            (no cloak)
rCorr   .            (no gloves)
SInv    .            (no boots)
Will    .....        (no amulet)
Stlth   ++           g - +5 ring of evasion
HPRegen 0.26/turn    k - +4 ring of protection
MPRegen 0.11/turn

%: no passive effects
@: no status effects
A: fangs 1, strong nose, distributed training
a: no special abilities


You were on level 3 of the Dungeon.
You visited 1 branch of the dungeon, and saw 3 of its levels.

You collected 109 gold pieces.

Inventory:

Hand Weapons
 a - a +2 falchion (weapon)
 c - a +0 dagger
Missiles
 b - 12 poisoned darts
 v - 2 javelins
Armour
 e - a +0 robe (worn)
Magical Staves
 q - a staff of death
Jewellery
 g - a +5 ring of evasion (left hand)
 k - a +4 ring of protection (right hand)
 m - a +4 ring of protection
 r - a +6 ring of dexterity
 u - a +5 ring of evasion
Scrolls
 d - 2 scrolls of teleportation
 f - a scroll of blinking {unknown}
 j - a scroll of amnesia {unknown}
 p - a scroll of identify {unknown}
 w - a scroll of poison {unknown}
Potions
 h - 3 potions of haste {unknown}
 i - a potion of resistance {unknown}
 l - 2 potions of berserk rage {unknown}
 n - a potion of attraction {unknown}
 o - a potion of flight {unknown}
 s - a potion of brilliance {unknown}
 t - a potion of might {unknown}


   Skills:
 + Level 1.5 Fighting
 + Level 1.5 Short Blades
 + Level 8.6 Long Blades
 + Level 1.5 Axes
 + Level 1.5 Maces & Flails
 + Level 1.5 Polearms
 + Level 1.5 Staves
 + Level 1.5 Ranged Weapons
 + Level 3.0 Throwing
 + Level 4.8 Armour
 + Level 1.5 Dodging
 + Level 1.5 Stealth
 + Level 1.5 Shields
 + Level 1.5 Unarmed Combat
 + Level 3.2 Spellcasting
 + Level 1.2 Conjurations
 + Level 1.2 Hexes
 + Level 1.2 Summonings
 + Level 1.2 Necromancy
 + Level 1.2 Translocations
 + Level 1.2 Transmutations
 + Level 4.0 Fire Magic
 + Level 1.2 Ice Magic
 + Level 1.2 Air Magic
 + Level 1.2 Earth Magic
 + Level 1.2 Poison Magic
 + Level 1.7 Invocations
 + Level 1.5 Evocations


You had 9 spell levels left.
You knew the following spells:

 Your Spells              Type           Power      Damage    Failure   Level
a - Foxfire               Conj/Fire      32%        2x1d5     8%          1

Your spell library contained the following spells:

 Spells                   Type           Power      Damage    Failure   Level
 Static Discharge         Conj/Air       10%        2-3/arc   21%         2
 Inner Flame              Hex/Fire       8%         N/A       24%         3
 Portal Projectile        Hex/Tloc       10%        N/A       38%         3
 Tukima's Dance           Hex            5%         N/A       38%         3
 Airstrike                Air            2%         2d(1-17)  80%         4
 Summon Lightning Spire   Summ/Air       5%         N/A       80%         4
 Blade Hands              Tmut           2%         N/A       98%         5


Dungeon Overview and Level Annotations

Branches:
Dungeon (3/15)

Altars:
Dithmenos
Elyvilon

Annotations:
D:2 1 runed translucent door, Crazy Yiuf


Innate Abilities, Weirdness & Mutations

You have very sharp teeth.
Your uncanny sense of smell can sniff out nearby items.
Your experience applies equally to all skills.


Message History

The foxfire hits the orc priest but does no damage.
The orc priest is severely wounded.
The foxfire hits the orc.
The orc is moderately wounded.
The orc hits you with a +0 flail. The orc priest barely misses you.
You barely miss the orc priest.
The orc priest is heavily wounded.
You hit the orc priest.
The orc priest is almost dead.
The orc priest calls upon Beogh to heal the orc.
The orc's wounds heal themselves!
The orc hits you but does no damage.
Casting: Foxfire (safe; 9% risk of failure)
Press: ? - help, Q - select action, (/) - cycle Dir - look around, f - activate You conjure some foxfire!
The orc priest hits you with a +0 dagger.
The orc hits you with a +0 flail.
* * * LOW HITPOINT WARNING * * *
You closely miss the orc priest.
The orc priest is almost dead.
The foxfire hits the orc but does no damage. x2
The orc hits you with a +0 flail.
* * * LOW HITPOINT WARNING * * *
The orc priest misses you.
Casting: Foxfire (safe; 9% risk of failure)
Press: ? - help, Q - select action, (/) - cycle Dir - look around, f - activate Look: an orc priest, wielding a +0 dagger and wearing a +0 ring mail (almost dead)
Okay, then.
Unknown command.
You slash the orc priest!
You kill the orc priest!
The orc hits you with a +0 flail.
* * * LOW HITPOINT WARNING * * *
Your Throwing skill increases to level 3!
Your Fire Magic skill increases to level 4!
You hit the orc but do no damage. You punch the orc, but do no damage.
The orc hits you with a +0 flail!
* * * LOW HITPOINT WARNING * * *
You closely miss the orc. Your bite misses the orc. The orc closely misses you.
You hit the orc but do no damage. The orc hits you with a +0 flail.
You die...

....#................####...#
###.#.......##÷.....#####...###
..#...#.....#.........###.....#
...........#........##....##.## .
##...#...........#..#####.# # ..
#)..o§..#......)......#...# ##
..##..#.#..#..........##.#.#.###.
..o...#.#..^....)o..####.....##..
...o..#........#@.#####..........
..o########..........##..#####...
##o #..).......##..# #... #.
##.............# ##.. #o
#........<#.### ##. ..
#.........#.# ##. ## #...........
#.. ###.#####.### #.. #...#...##
#####..


You could see an orc.

Vanquished Creatures
  An orc priest (D:3)
  4 adders
  4 dart slugs
  2 worms (D:2)
  An orc (D:3)
  12 ball pythons
  4 bats
  9 endoplasms
  2 giant cockroaches
  3 goblins
  3 hobgoblins
  3 jackals (D:1)
  3 quokkas
  A frilled lizard (D:1)
  5 kobolds
  9 rats
66 creatures vanquished.

Vanquished Creatures (others)
  92 foxfires
92 creatures vanquished.

Grand Total: 158 creatures vanquished

Notes
Turn   | Place    | Note
-------+----------+-------------------------------------------
     0 | D:1      | GimliDwarf the Gnoll Wanderer began the quest for the Orb.
     0 | D:1      | GimliDwarf set off with the following items: a +2 falchion,
                  | 12 poisoned darts, a +0 dagger, a scroll of teleportation,
                  | a +0 robe; and the following spell memorised: Foxfire; and
                  | the following spells available to memorise: Inner Flame.
     0 | D:1      | Reached XP level 1. HP: 13/13 MP: 4/4
   127 | D:1      | Reached XP level 2. HP: 20/20 MP: 2/5
   325 | D:1      | Reached XP level 3. HP: 18/25 MP: 5/7
   519 | D:1      | Reached skill level 1 in Invocations
   733 | D:1      | Found a faded altar of an unknown god.
   958 | D:2      | Reached skill level 1 in Fighting
   958 | D:2      | Reached skill level 1 in Short Blades
   958 | D:2      | Reached skill level 1 in Axes
   958 | D:2      | Reached skill level 1 in Maces & Flails
   958 | D:2      | Reached skill level 1 in Polearms
   958 | D:2      | Reached skill level 1 in Staves
   958 | D:2      | Reached skill level 1 in Ranged Weapons
   958 | D:2      | Reached skill level 1 in Dodging
   958 | D:2      | Reached skill level 1 in Stealth
   958 | D:2      | Reached skill level 1 in Shields
   958 | D:2      | Reached skill level 1 in Unarmed Combat
   958 | D:2      | Reached skill level 1 in Evocations
  1041 | D:2      | Found a white marble altar of Elyvilon.
  1078 | D:2      | Reached XP level 4. HP: 32/32 MP: 4/8
  1173 | D:2      | Found a runed translucent door.
  1174 | D:2      | Noticed Crazy Yiuf
  1308 | D:2      | Reached skill level 1 in Conjurations
  1308 | D:2      | Reached skill level 1 in Hexes
  1308 | D:2      | Reached skill level 1 in Summonings
  1308 | D:2      | Reached skill level 1 in Necromancy
  1308 | D:2      | Reached skill level 1 in Translocations
  1308 | D:2      | Reached skill level 1 in Transmutations
  1308 | D:2      | Reached skill level 1 in Ice Magic
  1308 | D:2      | Reached skill level 1 in Air Magic
  1308 | D:2      | Reached skill level 1 in Earth Magic
  1308 | D:2      | Reached skill level 1 in Poison Magic
  1658 | D:3      | Identified the +1 chain mail of the Game of Kings {Harm rN+
                  | Will+}
  1839 | D:3      | Found a shadowy altar of Dithmenos.
  1841 | D:3      | Reached XP level 5. HP: 37/37 MP: 7/9
  1940 | D:3      | HP: 1/37 [orc/+0 flail (7)]
  1942 | D:3      | Slain by an orc

Illustrated notes

Levels and vault maps discovered:
D:1:      shiori_arrival_elements, layout_rooms,
          shapermc_ecumenical_altar_pompeii, hangedman_decor_opposing,
          minivault_4, st_stairs_4, minmay_misc_feat_more_columns,
          corner_web_ring
D:2:      layout_basic, basic_altar, feat_on_display, uniq_crazy_yiuf_cottage
D:3:      layout_rooms, nicolae_overflow_crystal_walls

Skill      XL: |  1  2  3  4  5 |
---------------+----------------+-----
Invocations    | 1 |  1.7
Fighting       | 1 |  1.5
Short Blades   | 1 |  1.5
Axes           | 1 |  1.5
Maces & Flails | 1 |  1.5
Polearms       | 1 |  1.5
Staves         | 1 |  1.5
Ranged Weapons | 1 |  1.5
Dodging        | 1 |  1.5
Stealth        | 1 |  1.5
Shields        | 1 |  1.5
Unarmed Combat | 1 |  1.5
Evocations     | 1 |  1.5
Spellcasting   | 3 |  3.2
Conjurations   | 1 |  1.2
Hexes          | 1 |  1.2
Summonings     | 1 |  1.2
Necromancy     | 1 |  1.2
Translocations | 1 |  1.2
Transmutations | 1 |  1.2
Ice Magic      | 1 |  1.2
Air Magic      | 1 |  1.2
Earth Magic    | 1 |  1.2
Poison Magic   | 1 |  1.2
Throwing       | 3 |  3.0
Fire Magic     | 4 |  4.0
Long Blades    | |  8.6
Armour         | |  4.8

Action                     |  1- 3 |  4- 6 || total
---------------------------+-------+-------++-------
  Melee: Falchion          |    62 |    47 ||   109
         Bite              |    13 |     3 ||    16
         Punch             |       |     1 ||     1
  Throw: Dart              |     1 |       ||     1
   Cast: Foxfire           |    29 |    24 ||    53
   Stab: Sleeping          |       |     2 ||     2
 Armour: Robe              |    10 |    12 ||    22
  Dodge: Dodged            |    50 |    39 ||    89
